 Dungeon Crawl Stone Soup version 0.17-a0-1508-ge7f3dc3 (webtiles) character file.

8027 patman the Carver (level 11, -2/72 HPs)
             Began as a Halfling Berserker on July 10, 2015.
             Was a High Priest of Trog.
             Slain by a komodo dragon (21 damage)
             ... on level 3 of the Lair of Beasts.
             The game lasted 00:22:59 (4994 turns).

patman the Carver (Halfling Berserker)              Turns: 4994, Time: 00:22:59

Health: -2/72      AC: 17    Str: 17    XL:     11   Next: 48%
Magic:  20/20      EV: 10    Int:  6    God:    Trog [*****.]
Gold:   212        SH:  0    Dex: 18    Spells: 0 memorised, 10 levels left

rFire  . . .     SeeInvis .     a - +7 Screaming Sword
rCold  + . .     Clarity  .     Q - +0 chain mail
rNeg   . . .     SustAt   .     (shield restricted)
rPois  .         Gourm    .     (no helmet)
rElec  .         Spirit   .     E - +1 cloak
rCorr  .         Warding  .     S - +2 pair of gloves
rMut   .         Stasis   .     r - +0 pair of boots
MR     .....                    (no amulet)
Stlth  ..........               y - ring of magical power
                                m - ring of protection from cold

@: not resistant to hostile enchantments, extremely unstealthy
A: mutation resistance 1
a: Burn Spellbooks, Berserk, Trog's Hand, Brothers in Arms, Renounce Religion


You were on level 3 of the Lair of Beasts.
You worshipped Trog.
Trog was extremely pleased with you.
You were not hungry.

You visited 2 branches of the dungeon, and saw 13 of its levels.

You collected 384 gold pieces.
You spent 172 gold pieces at shops.

Inventory:

Hand weapons
 a - the +7 Screaming Sword (weapon)
   (You found it on level 6 of the Dungeon)
 b - a +1 short sword of venom
 H - a +0 falchion
 I - a -1 long sword
 N - a +0 blowgun
Missiles
 t - 203 stones (quivered)
 u - a throwing net
 J - 14 poisoned needles
 R - 9 curare-tipped needles
Armour
 l - a +0 buckler
 r - a +0 pair of boots (worn)
 E - a +1 cloak (worn)
 Q - a +0 chain mail (worn)
 S - a +2 pair of gloves (worn)
Jewellery
 m - a ring of protection from cold (left hand)
 p - an uncursed amulet of clarity
 y - a ring of magical power (right hand)
Magical devices
 C - a wand of fire (12)
 G - a wand of fireball (1)
 K - a wand of enslavement (6)
Scrolls
 f - a scroll of fear {unknown}
 g - a scroll of remove curse
 i - a scroll of amnesia {unknown}
 n - a scroll of enchant armour {unknown}
 o - a scroll of fog {unknown}
 v - a scroll of teleportation
 w - a scroll of recharging
 x - a scroll of enchant weapon
 D - a scroll of magic mapping {unknown}
 M - a scroll of brand weapon {unknown}
Potions
 d - 2 potions of magic
 e - a potion of heal wounds {unknown}
 k - a potion of cancellation
 q - 2 potions of flight
 s - a potion of might
 A - a potion of berserk rage {unknown}
 B - 3 potions of lignification
 F - a potion of poison {unknown}
 L - a potion of brilliance {unknown}
 P - a potion of beneficial mutation {unknown}
Books
 T - a book of Ice

   Spells                             Type                      Level
   a - Ice Form                       Ice/Transmutation            4
   b - Metabolic Englaciation         Hexes/Ice                    5
   c - Ozocubu's Refrigeration        Ice                          6
   d - Bolt of Cold                   Conjuration/Ice              6
   e - Freezing Cloud                 Conjuration/Ice/Air          6
   f - Simulacrum                     Ice/Necromancy               6
   Trog disapproves of the use of such an item.
Comestibles
 c - 3 bread rations
 j - a meat ration
 z - 8 fruits
 O - 2 chunks of flesh


   Skills:
 * Level 6.0 Fighting
 - Level 14.4 Long Blades
 * Level 7.0 Armour
 - Level 2.1 Dodging


You had 10 spell levels left.
You didn't know any spells.

Dungeon Overview and Level Annotations

Branches:
Dungeon (10/15)            Temple (0/1) D:7            Lair (3/8) D:10
 Spider (0/4) Lair:3
  Swamp: Lair:3-6    Shoals: Lair:3-6       Orc: D:9-12

Altars:
Ashenzari
Dithmenos
Nemelex Xobeh
Okawaru
Ru
Sif Muna

Shops:
D:5 [


Innate Abilities, Weirdness & Mutations

You are small and have problems with some larger weapons.
You are somewhat resistant to further mutation.


Message History

The komodo dragon hisses menacingly.
Evoke which item? (* to show all) (? for menu, Esc to quit)
Zapping:
C - a wand of fire (13)
Press: ? - help, Shift-Dir - straight line, f - komodo dragon
Aim: a komodo dragon The bolt of fire hits the komodo dragon.
The komodo dragon is moderately wounded.
This wand has 12 charges left.
You slash the komodo dragon!
The komodo dragon is heavily wounded.
The komodo dragon bites you!
You slash the komodo dragon!
The komodo dragon is almost dead.
The komodo dragon bites you!
* * * LOW HITPOINT WARNING * * *
The Screaming Sword thunders like a hungry bull.
You hear a croak.
Drink which item? (? for menu, Esc to quit)
You feel better. The komodo dragon bites you!!
You die...

###### ### ####
#.##†######.#######..#
......†....#..#......#
.#.##PP.........@l...#
...........#....#.....#
..#...#.#.####.####......
....###...# #.# #..##...
....# ###.. ... ........
.#..# #.....>.. ....#...
..#.# ........## .... .
.#..# ##.#... #.. ....


You could see a komodo dragon.

Vanquished Creatures
  Sonja (D:10)
  Pikel (D:7)
  An elephant (D:10)
  2 spiny frogs
  A komodo dragon (Lair:2)
  13 yaks
  4 hippogriffs
  A hungry ghost (D:7)
  3 water moccasins (Lair:2)
  A porcupine (Lair:3)
  A sky beast (D:10)
  A black bear (D:8)
  A slave (D:7)
  4 crocodiles
  A centaur (D:5)
  3 ogres
  2 jellies
  5 giant frogs
  7 scorpions
  7 killer bees
  A water moccasin skeleton (D:5)
  An electric eel (Lair:1)
  A centaur skeleton (D:9)
  A crimson imp (D:5)
  6 iguanas
  Ijyb (D:2)
  A hound (D:5)
  A giant frog skeleton (D:5)
  An orc wizard (D:3)
  3 worker ants
  2 worker ant zombies (D:6)
  4 gnolls (D:3)
  29 river rats
  8 adders
  A shadow imp (D:6)
  4 worms
  3 giant geckos
  8 orcs
  17 bats
  3 giant cockroaches
  8 goblins
  11 hobgoblins
  3 jackals (D:2)
  5 quokkas
  A giant gecko zombie (D:5)
  6 giant newts
  8 kobolds
  A quokka skeleton (D:9)
  7 rats
206 creatures vanquished.

Vanquished Creatures (others)
  A rat (D:7)
  3 fungi
  3 plants
7 creatures vanquished.

Grand Total: 213 creatures vanquished

Notes
Turn   | Place    | Note
--------------------------------------------------------------
     0 | D:1      | patman the Halfling Berserker began the quest for the Orb.
     0 | D:1      | Reached XP level 1. HP: 15/15 MP: 1/1
   167 | D:1      | Reached XP level 2. HP: 10/20 MP: 2/2
   511 | D:2      | Found an iron altar of Okawaru.
   537 | D:2      | Reached skill level 4 in Long Blades
   537 | D:2      | Reached XP level 3. HP: 16/25 MP: 3/3
   551 | D:2      | Acquired Trog's second power
   749 | D:2      | Noticed Ijyb
   784 | D:2      | Killed Ijyb
   784 | D:2      | Reached XP level 4. HP: 22/30 MP: 4/4
   874 | D:3      | Found an iron altar of Okawaru.
   880 | D:3      | Reached skill level 5 in Long Blades
   992 | D:3      | Reached XP level 5. HP: 21/35 MP: 5/5
  1138 | D:3      | Reached skill level 6 in Long Blades
  1180 | D:3      | Reached XP level 6. HP: 30/41 MP: 6/6
  1258 | D:5      | Entered Level 5 of the Dungeon
  1285 | D:5      | Found a sparkling altar of Nemelex Xobeh.
  1470 | D:5      | Found a deep blue altar of Sif Muna.
  1536 | D:6      | Reached skill level 7 in Long Blades
  1555 | D:5      | Found Hyffan's Armour Shop.
  1741 | D:5      | Found a shadowy altar of Dithmenos.
  1770 | D:5      | Reached XP level 7. HP: 37/45 MP: 7/7
  1802 | D:5      | Reached skill level 8 in Long Blades
  1897 | D:5      | Bought a +1 cloak for 172 gold pieces
  2446 | D:6      | Reached XP level 8. HP: 51/51 MP: 8/8
  2464 | D:6      | Reached skill level 9 in Long Blades
  2738 | D:6      | Acquired Trog's third power
  2797 | D:6      | Found a sacrificial altar of Ru.
  2816 | D:7      | Noticed Pikel
  2839 | D:7      | Killed Pikel
  2839 | D:7      | Reached skill level 11 in Long Blades
  2839 | D:7      | Reached XP level 9. HP: 51/55 MP: 9/9
  3147 | D:8      | Reached skill level 12 in Long Blades
  3455 | D:8      | Found a shattered altar of Ashenzari.
  3479 | D:7      | Found a staircase to the Ecumenical Temple.
  3540 | D:9      | Noticed Grum
  3544 | D:10     | Entered Level 10 of the Dungeon
  3544 | D:10     | Noticed Sonja
  3547 | D:10     | Killed Sonja
  3547 | D:10     | Reached skill level 13 in Long Blades
  3547 | D:10     | Reached XP level 10. HP: 51/61 MP: 10/10
  3694 | D:10     | Noticed an elephant
  3705 | D:10     | Killed an elephant
  3722 | D:10     | Reached skill level 14 in Long Blades
  3907 | D:10     | Found a staircase to the Lair.
  3929 | Lair:1   | Entered Level 1 of the Lair of Beasts
  4328 | Lair:2   | Reached XP level 11. HP: 40/69 MP: 11/11
  4336 | Lair:2   | Noticed a spiny frog
  4343 | Lair:2   | Killed a spiny frog
  4343 | Lair:2   | Reached skill level 5 in Armour
  4736 | Lair:3   | Reached skill level 5 in Fighting
  4978 | Lair:3   | Found a hole to the Spider Nest.
  4994 | Lair:3   | Slain by a komodo dragon

Vault maps used:
D:1:      dpeg_arrival_castle
D:2:      nicolae_overflow_crystal_walls, uniq_natasha, uniq_sigmund, uniq_iyjb
D:3:      okawaru_ov_weapons_minmay
D:4:      serial_shops, shop
D:5:      fedhas_altar_fruit_tree, old_standard_altar, serial_shops, shop,
          first_bread, basic_altar, grunt_dithmenos_smoke
D:6:      old_forge, lemuel_crystal_altar
D:7:      lemuel_insect_pit, temple_fountains, uniq_pikel
D:8:      kennysheep_mini, lemuel_coloured_pillars_altar
D:9:      nicolae_tso_besieged_by_evil, serial_co_window_serial,
          co_window_paths_b, co_window_of_opportunity_a, co_window_paths_b,
          co_window_paths_a, co_window_of_opportunity_a, co_window_paths_a,
          co_window_of_opportunity_a, co_window_cross_4, co_window_paths_c,
          co_window_2corner, co_window_of_opportunity_b,
          co_window_unsneaky_path_d, co_window_corner_cb, co_window_4corner_a,
          glass_columns_a, glass_columns_b, serial_shops,
          nicolae_shop_statue_plus, blue_anna_alchemist, uniq_grum, uniq_maurice
D:10:     david_lair_generic, orc_0_dummy, minmay_pinched_square, uniq_sonja,
          uniq_snorg
Lair:1:   infiniplex_staircase_pool, grunt_megastairs_2, lemuel_fruit_fields
Lair:2:   minivault_19
Lair:3:   nicolae_spider_entry_non_spiders, beast_lair_carwin_5, uniq_rupert

Action                   |  1- 3 |  4- 6 |  7- 9 | 10-12 || total
-------------------------+-------+-------+-------+-------++-------
Melee: Falchion          |   143 |   218 |   124 |       ||   485
       Double sword      |       |       |   109 |   249 ||   358
Invok: Berserk           |       |     1 |     1 |       ||     2
       Trog's Hand       |       |       |     1 |     2 ||     3
Evoke: Wand              |       |       |     2 |     2 ||     4
  Use: Potion            |       |     1 |     2 |     1 ||     4
       Scroll            |       |     3 |     5 |     2 ||    10
  Eat: Chunk             |       |     3 |     1 |     2 ||     6
       Royal jelly       |       |     1 |       |       ||     1
       Meat ration       |       |       |     2 |       ||     2
